 Dungeon Crawl Stone Soup version 0.18.1-6-gd335043 (webtiles) character file.

37 Shtopit the Grasshopper (level 3, -2/27 HPs)
             Began as a Demonspawn Warper on May 20, 2016.
             Slain by a gnoll
             ... wielding a +0 club
              (6 damage)
             ... on level 3 of the Dungeon.
             The game lasted 00:04:17 (1795 turns).

Shtopit the Grasshopper (Demonspawn Warper)         Turns: 1795, Time: 00:04:18

Health: -2/27      AC:  7    Str: 11    XL:     3   Next: 21%
Magic:  6/6        EV: 11    Int: 14    God:
Gold:   116        SH:  5    Dex: 13    Spells: 3 memorised, 2 levels left

rFire  . . .     SeeInvis .     a - +0 falchion
rCold  . . .     Gourm    .     b - +0 leather armour
rNeg   . . .     Faith    .     k - +0 buckler
rPois  .         Spirit   .     (no helmet)
rElec  .         Dismiss  .     r - +0 cloak
rCorr  .         Reflect  .     (no gloves)
SustAt .         Harm     .     s - +0 pair of boots
MR     .....                    (no amulet)
Stlth  +.........               (no ring)
                                (no ring)

@: not resistant to hostile enchantments, very unstealthy
A: large bone plates 1
a: no special abilities


You were on level 3 of the Dungeon.
You were hungry.

You visited 1 branch of the dungeon, and saw 3 of its levels.

You collected 116 gold pieces.

Inventory:

Hand Weapons
 a - a +0 falchion (weapon)
Missiles
 e - 5 tomahawks of dispersal (quivered)
Armour
 b - a +0 leather armour (worn)
 g - a +0 chain mail
 k - a +0 buckler (worn)
 r - a +0 cloak (worn)
 s - a +0 pair of boots (worn)
Scrolls
 d - a scroll of blinking
 i - 2 scrolls of identify {unknown}
 j - a scroll of magic mapping {unknown}
 l - a scroll of noise {unknown}
 m - a scroll of enchant weapon {unknown}
 u - a scroll of enchant armour {unknown}
 w - a scroll of fear {unknown}
 x - a scroll of remove curse {unknown}
Potions
 h - a potion of ambrosia {unknown}
 o - a potion of cancellation {unknown}
 p - a potion of haste {unknown}
 q - a potion of heal wounds {unknown}
 t - a potion of lignification {unknown}
Books
 c - a book of Spatial Translocations

   Spells                             Type                      Level
   a - Apportation                    Translocation                1
   b - Blink                          Translocation                2
   c - Shroud of Golubria             Charms/Translocation         2
   d - Portal Projectile              Translocation                3
   e - Teleport Other                 Translocation                3
   f - Passage of Golubria            Translocation                4
 v - Kikubaaqudgha's Incunabulum of Evil
   (You found it on level 2 of the Dungeon)

   Spells                             Type                      Level
   a - Pain                           Necromancy                   1
Comestibles
 f - 3 bread rations


   Skills:
 + Level 2.2 Fighting
 + Level 1.9 Long Blades
 + Level 0.8 Throwing
 + Level 1.4 Armour
 + Level 2.0 Dodging
 * Level 0.6 Stealth
 + Level 2.1 Spellcasting
 + Level 3.1 Translocations


You had 2 spell levels left.
You knew the following spells:

 Your Spells              Type           Power        Failure   Level  Hunger
a - Apportation           Tloc           ##........   17%         1    ##.....
b - Blink                 Tloc           N/A          24%         2    ###....
c - Pain                  Necr           #...         54%         1    ##.....


Dungeon Overview and Level Annotations

Branches:
Dungeon (3/15)

Altars:
Fedhas
Kikubaaqudgha
Sif Muna
Vehumet


Innate Abilities, Weirdness & Mutations

You are partially covered in large bone plates (AC +2, SH +2).


Message History

The gnoll hits you from afar with a halberd.
You climb downwards.
There is a stone staircase leading up here.
You barely miss the gnoll. The gnoll hits you with a spear.
The gnoll hits you with a club! The gnoll barely misses you.
You hit the gnoll.
The gnoll is moderately wounded.
You block the gnoll's attack. The gnoll hits you with a spear.
The gnoll barely misses you.
You barely miss the gnoll.
The gnoll is moderately wounded.
The gnoll hits you but does no damage. You block the gnoll's attack.
You hit the gnoll but do no damage.
The gnoll is moderately wounded.
The gnoll barely misses you. The gnoll hits you with a club.
* * * LOW HITPOINT WARNING * * *
You barely miss the gnoll.
The gnoll is moderately wounded.
You block the gnoll's attack. The gnoll hits you with a club.
You die...

..≈. § #.§§§§§##
#≈≈≈§§§).
#P≈.≈.P.####
P..PP..#.(
#....#.#
#....#.#######
#.....@g......
####...##.g..##..
..................
#####...##....##..
#...##....# .
#...##....#
#...####### #####


You could see 2 gnolls.

Vanquished Creatures
  An ooze (D:1)
  A worm (D:2)
  A dart slug (D:1)
  A bat (D:2)
  6 goblins
  3 jackals (D:1)
  2 quokkas
  7 kobolds (D:1)
  3 rats (D:1)
25 creatures vanquished.

Notes
Turn   | Place    | Note
--------------------------------------------------------------
     0 | D:1      | Shtopit the Demonspawn Warper began the quest for the Orb.
     0 | D:1      | Reached XP level 1. HP: 16/16 MP: 3/3
   133 | D:1      | Reached skill level 1 in Armour
   199 | D:1      | Reached skill level 3 in Translocations
   212 | D:1      | Gained mutation: You are partially covered in large bone plates (AC +2, SH +2). [demonic ancestry]
   212 | D:1      | Reached XP level 2. HP: 5/22 MP: 5/5
   628 | D:1      | Learned a level 2 spell: Blink
  1089 | D:2      | Reached XP level 3. HP: 17/27 MP: 6/6
  1261 | D:2      | Found a blossoming altar of Fedhas.
  1272 | D:2      | Found an ancient bone altar of Kikubaaqudgha.
  1280 | D:2      | Found a deep blue altar of Sif Muna.
  1281 | D:2      | Found a radiant altar of Vehumet.
  1284 | D:2      | Identified Kikubaaqudgha's Incunabulum of Evil
  1289 | D:2      | Learned a level 1 spell: Pain
  1795 | D:3      | Slain by a gnoll

Skill      XL: |  1  2 |
---------------+-------+-----
Armour         | 1 |  1.4
Translocations | 3 |  3.1
Dodging        | 2 |  2.0
Fighting       | |  2.2
Long Blades    | |  1.9
Throwing       | |  0.8
Stealth        | |  0.6
Spellcasting   | |  2.1

Action                   || total
-------------------------++-------
Melee: Falchion          ||    85
 Cast: Pain              ||     3
       Blink             ||     1
  Eat: Chunk             ||     2
Armor: Leather armour    ||    33
Dodge: Dodged            ||    47
Block: Buckler           ||    20
